Map: Mist Opportunities

Players

wasp

  • Race: Protoss Protoss
  • Spawn Location: 5:00

NamroodTuo

  • Race: Terran Terran
  • Spawn Location: 6:00

VOD

Have the link to the VOD?

Description

Time

  • Played on: Jan. 22, 2023, 6:42 a.m.
  • Length: 30:14
Show
View Real Time Build Order
Export as new Build Order

wasp Protoss 

Build Orders:  

Get SALT Encoding   

  12  0:05  Probe (Chrono Boost)  
  13  0:17  Probe (Chrono Boost)  
  14  0:46  Pylon  
  14  0:51  Pylon  
  14  0:55  Pylon  
  14  1:05  Assimilator  
  14  1:18  Gateway  
  14  1:36  Gateway  
  14  1:44  Probe (Chrono Boost)  
  15  1:57  Probe (Chrono Boost)  
  16  2:09  Probe (Chrono Boost), Forge  
  17  2:43  Probe (Chrono Boost)  
  18  2:55  Probe (Chrono Boost)  
  19  3:07  Probe (Chrono Boost)  
  19  3:11  Pylon  
  19  3:14  Pylon  
  19  3:19  Probe (Chrono Boost), Pylon  
  20  3:26  Pylon  
  21  3:31  Probe (Chrono Boost)  
  21  3:35  Pylon  
  22  3:49  Probe (Chrono Boost), Assimilator  
  23  4:01  Probe (Chrono Boost)  
  23  4:02  Solar Efficiency Level 1  
  23  4:09  Cybernetics Core  
  24  4:13  Probe (Chrono Boost)  
  25  4:24  Sentinel  
  27  4:31  Sentinel  
  29  4:57  Sentinel  
  31  5:15  Sentinel  
  33  5:30  Sentinel  
  35  5:48  Sentinel  
  37  6:03  Sentinel  
  39  6:21  Sentinel  
  41  7:07  Robotics Facility  
  41  7:10  Robotics Facility  
  41  7:28  Khaydarin Monolith  
  41  8:08  Khaydarin Monolith  
  41  9:10  Sentinel x2  
  45  9:43  Sentinel x2  
  45  10:16  Sentinel x2  
  49  10:34  Gateway  
  49  10:37  Gateway  
  49  10:49  Sentinel x2  
  53  11:04  Robotics Bay  
  53  11:10  Immortal x2  
  61  11:22  Sentinel x2  
  65  11:57  Immortal  
  69  12:21  Probe (Chrono Boost)  
  69  12:28  Extended Thermal Lance  
  70  12:33  Probe (Chrono Boost)  
  71  12:45  Probe (Chrono Boost)  
  71  12:48  Colossus  
  78  13:12  Pylon  
  78  13:15  Pylon  
  78  13:19  Pylon  
  78  13:23  Pylon  
  78  13:26  Pylon  
  78  13:29  Pylon  
  78  13:32  Pylon  
  78  13:35  Pylon  
  74  14:14  Immortal  
  74  14:15  Immortal  
  76  15:02  Immortal  
  76  15:03  Immortal  
  84  15:52  Protoss Ground Weapons Level 1  
  84  16:25  Immortal  
  84  17:10  Energizer  
  86  17:51  Protoss Ground Armor Level 1  
  86  18:08  Energizer  
  86  18:09  Energizer  
  86  18:10  Energizer  
  92  18:52  Sentinel x3  
  92  18:53  Sentinel  
  100  19:25  Sentinel x3  
  100  19:26  Sentinel  
  106  19:58  Sentinel x3  
  106  19:59  Sentinel  
  114  20:31  Sentinel x3  
  120  21:44  Energizer x3  
  120  21:45  Energizer  
  126  22:11  Pylon  
  126  22:14  Pylon  
  126  22:16  Pylon, Energizer x2  
  126  22:19  Pylon  
  126  22:23  Pylon  
  126  22:25  Pylon  
  130  22:33  Pylon  
  130  22:38  Pylon  
  130  22:40  Pylon  
  130  22:43  Pylon  
  130  22:54  Pylon  
  130  23:02  Pylon  
  130  23:05  Pylon  
  130  23:09  Pylon  
  130  23:13  Pylon  
  130  23:16  Pylon  
  130  24:06  Sentinel  
  130  24:07  Sentinel x2  
  130  24:08  Sentinel  
  130  24:16  Immortal x2  
  146  24:39  Energizer  
  146  24:40  Energizer  
  150  24:52  Pylon  
  150  25:03  Immortal  
  150  25:04  Immortal  
  150  25:06  Pylon  
  155  26:42  Immortal  
  155  26:43  Immortal  
  101  27:30  Immortal  
  101  27:31  Immortal  
  99  29:00  Sentinel x2  
  99  29:01  Sentinel x2  
Show
View Real Time Build Order
Export as new Build Order

NamroodTuo Terran 

Build Orders:  

Get SALT Encoding   

  12  0:02  SCV  
  13  0:14  SCV  
  14  0:25  SCV  
  15  0:38  Factory  
  15  0:48  Supply Depot  
  15  1:15  SCV  
  16  1:27  SCV  
  17  1:39  SCV  
  17  1:49  Engineering Bay  
  18  1:51  SCV  
  19  2:03  SCV  
  19  2:04  Perdition Turret  
  20  2:14  SCV  
  21  2:24  Perdition Turret  
  21  2:26  SCV  
  22  2:37  Devastation Turret  
  22  2:38  SCV  
  23  2:53  Perdition Turret  
  23  3:07  Devastation Turret  
  23  3:11  Supply Depot  
  23  3:22  Perdition Turret  
  23  3:39  SCV  
  23  3:49  Devastation Turret  
  24  3:51  SCV  
  25  4:00  Devastation Turret  
  25  4:02  SCV  
  26  4:14  SCV  
  26  4:17  Perdition Turret  
  27  4:26  SCV  
  28  4:42  Refinery  
  28  4:45  Refinery  
  28  5:13  Devastation Turret  
  28  5:18  Devastation Turret  
  28  5:27  Perdition Turret  
  28  5:38  SCV  
  28  5:49  SCV  
  30  6:00  Factory Tech Lab  
  30  6:01  SCV  
  31  6:14  Supply Depot  
  31  6:36  Armory  
  31  6:42  SCV  
  31  6:45  Supply Depot  
  31  6:48  Devastation Turret  
  32  6:53  SCV  
  32  6:54  Devastation Turret  
  33  7:05  SCV  
  34  7:15  Spinning Dizzy  
  34  7:17  SCV, Devastation Turret  
  35  7:23  Spinning Dizzy  
  35  7:29  SCV  
  35  7:32  Devastation Turret  
  36  7:44  Starport, Spinning Dizzy  
  36  8:07  Hellion  
  38  8:20  Starport  
  38  8:23  Terran Vehicle and Ship Weapons Level 1  
  38  8:28  Hellion  
  40  8:40  Starport Tech Lab  
  40  9:10  Pulse Amplifier  
  40  9:13  Starport  
  40  9:16  Starport Tech Lab  
  36  10:09  Improved Nano-Repair  
  36  10:13  Starport Reactor  
  36  10:14  Wraith  
  36  10:15  Wraith  
  40  10:42  Terran Vehicle And Ship Armor Level 1  
  40  10:48  Supply Depot  
  40  10:49  Wraith x2  
  40  10:50  Supply Depot  
  40  10:52  Upgrade Laser Drill Level 1  
  40  10:57  Wraith  
  44  11:00  Perdition Turret  
  44  11:03  Perdition Turret  
  44  11:04  Perdition Turret  
  44  11:05  Wraith  
  46  11:17  Supply Depot  
  46  11:19  Supply Depot  
  48  11:27  Wraith  
  48  11:38  Wraith  
  42  12:54  Wraith x3  
  42  12:55  Wraith  
  50  13:29  Wraith x2  
  44  13:38  Wraith x2  
  48  13:45  Perdition Turret  
  48  13:48  Perdition Turret  
  52  13:51  Perdition Turret  
  52  13:57  Perdition Turret  
  52  14:01  Terran Vehicle and Ship Weapons Level 2  
  52  14:03  Wraith  
  52  14:04  Wraith  
  56  14:12  Wraith  
  58  14:57  Upgrade Laser Drill Level 2  
  58  15:33  Wraith  
  58  15:34  Supply Depot  
  58  15:36  Supply Depot  
  60  16:23  Wraith x3  
  60  16:24  Wraith  
  60  16:26  Terran Vehicle And Ship Armor Level 2  
  68  16:53  SCV  
  69  17:05  SCV  
  70  17:17  Command Center  
  68  19:07  Wraith x4  
  76  19:41  Wraith  
  76  19:42  Wraith x2  
  82  19:56  Terran Vehicle and Ship Weapons Level 3  
  82  20:21  Supply Depot  
  82  20:24  Supply Depot  
  82  20:53  Supply Depot  
  76  21:30  Wraith x3  
  76  21:31  Wraith  
  84  22:05  Wraith x4  
  92  22:23  Supply Depot  
  92  22:24  Supply Depot  
  92  22:39  Wraith  
  92  22:40  Wraith  
  96  23:06  Wraith  
  96  23:07  Terran Vehicle And Ship Armor Level 3, Wraith  
  96  23:14  Wraith  
  102  23:35  Wraith  
  102  23:41  Wraith x2  
  100  26:51  Wraith  
  100  26:52  Wraith x3  
  106  27:26  Wraith  
  106  27:27  Wraith x3  
  114  28:01  Wraith  
  114  28:02  Wraith x3  
  122  28:36  Wraith x4  
Tags
 
Commander
KaraxSwann
Matchup
Co-op
Replay Pack
Multiplayer
Add a new tag
Caveats
  • Supply blocks, unpowered buildings, or Contaminate may cause inaccurate times.
  • Supply counts are checked every 10 seconds.